Description

Testing

Replay - 2016-08-13 - (Z)Nightmare VS (T)A.I. 1 (Very Easy)

Build Order

Get SALT Encoding   

  12  0:01  Drone  
  13  0:12  Overlord  
  13  0:19  Drone x6  
  18  0:58  Hatchery  
  18  1:00  Extractor  
  17  1:13  Spawning Pool  
  17  1:15  Drone x3  
  19  1:39  Overlord  
  19  1:59  Queen  
  19  2:00  Zergling x4  
  22  2:02  Metabolic Boost  
  23  2:09  Queen  
  23  2:10  Zergling x2  
  31  2:39  Lair  
  31  2:45  Queen  
  31  2:47  Overlord x2  
  41  3:21  Queen  
  44  3:28  Overlord  
  44  3:32  Extractor  
  45  3:37  Infestation Pit  
  47  3:44  Extractor  
  53  4:05  Queen  
  56  4:15  Pathogen Glands  
  57  4:29  Hatchery  
  56  4:33  Zergling x8  
  56  4:38  Infestor x2  
  64  4:46  Zergling x6  
  64  4:51  Queen  
  74  5:14  Evolution Chamber x2  
  74  5:18  Hive  
  82  5:39  Zerg Melee Weapons Level 1  
  83  5:43  Zerg Ground Armor Level 1  
  85  5:53  Spore Crawler  
  94  6:07  Queen  
  96  6:16  Extractor x2  
  100  6:33  Ultralisk Cavern  
  100  6:35  Extractor  
  100  6:49  Hatchery  
  99  6:58  Queen  
  101  7:20  Chitinous Plating  
  101  7:21  Ultralisk x4  
  125  7:35  Zerg Melee Weapons Level 2  
  157  8:18  Baneling Nest  
  160  8:29  Ultralisk x2  
  173  8:45  Spire  
  172  8:51  Extractor x2  
  182  9:00  Ultralisk x3  
Spawning Tool Build Advisor. Get it on Overwolf

Analysis

Testing

Go to:

Details

  • Created by: crisperrgk
  • Published on: May 11, 2017
  • Modified on: May 11, 2017
  • Patch: 3.8.0
Show
View Real Time Build Order
Export as new Build Order

Comments (0)

There are no comments. Be the first!

Create an account to comment!